Map: Eternal Empire LE

Players

Future

  • Race: Terran Terran
  • Spawn Location: 1:00

Reynor - Winner!

  • Race: Zerg Zerg
  • League: Master
  • Spawn Location: 7:00

Event: Shopify TSL 5

VOD

Have the link to the VOD?

Description

Time

  • Played on: May 16, 2020, 2:33 p.m.
  • Length: 9:43

All games in this series

Show
View Real Time Build Order
Export as new Build Order

Future Terran 

Build Orders: Reaper Expand 

Get SALT Encoding   

  12  0:00  SCV  
  13  0:13  SCV  
  14  0:17  Supply Depot  
  14  0:25  SCV  
  15  0:39  SCV  
  15  0:41  Barracks  
  16  0:43  Refinery  
  16  0:51  SCV  
  17  1:03  SCV  
  18  1:15  SCV  
  19  1:27  Orbital Command  
  19  1:28  Reaper  
  20  1:39  Command Center  
  20  1:48  Supply Depot  
  20  1:53  SCV  
  21  2:00  Marine  
  22  2:05  SCV  
  23  2:08  Factory  
  23  2:13  Refinery  
  23  2:18  SCV  
  25  2:26  Barracks Reactor  
  24  2:30  SCV  
  25  2:42  SCV  
  26  2:53  Starport  
  26  2:54  Orbital Command  
  26  2:55  SCV  
  27  3:06  Hellion x2  
  27  3:07  SCV  
  27  3:10  Supply Depot  
  27  3:11  Barracks Tech Lab  
  32  3:19  SCV x2  
  34  3:27  Hellion  
  34  3:28  Hellion  
  34  3:30  Viking  
  34  3:31  SCV x2  
  42  3:34  Stimpack  
  42  3:43  SCV x2  
  44  3:55  SCV x2  
  46  3:56  Command Center  
  46  4:03  Barracks  
  46  4:06  Factory Reactor  
  46  4:07  SCV x2  
  48  4:12  Barracks  
  48  4:17  Supply Depot  
  48  4:19  SCV x2  
  50  4:25  Engineering Bay  
  50  4:26  Engineering Bay  
  50  4:31  Starport Tech Lab, SCV  
  50  4:32  SCV, Marine  
  50  4:37  Supply Depot  
  53  4:43  SCV  
  53  4:44  SCV  
  55  4:45  Refinery  
  55  4:46  Refinery  
  55  4:54  Terran Infantry Weapons Level 1  
  55  4:55  Terran Infantry Armor Level 1  
  55  4:56  SCV x2  
  55  4:58  Starport Reactor  
  57  5:00  Siege Tank  
  57  5:04  Marine x3  
  63  5:07  Marine  
  63  5:08  Marine  
  63  5:11  Orbital Command  
  63  5:13  SCV  
  66  5:14  SCV  
  66  5:17  Combat Shield  
  67  5:25  SCV, Marine x2, Supply Depot  
  67  5:26  SCV, Marine  
  72  5:33  Orbital Command  
  71  5:36  Siege Tank  
  71  5:38  SCV x2, Marine x2  
  71  5:40  Medivac  
  71  5:41  Medivac  
  82  5:47  Supply Depot  
  82  5:50  SCV x2  
  82  5:53  Marine x2, Supply Depot  
  82  5:54  Marine  
  87  6:00  SCV  
  87  6:02  SCV x2  
  90  6:05  Armory  
  90  6:06  Marine x2  
  90  6:07  Supply Depot  
  90  6:11  Marine x2, Supply Depot  
  92  6:16  SCV x2  
  92  6:18  SCV  
  97  6:20  Marine  
  97  6:21  Siege Tank  
  97  6:24  Marine  
  102  6:28  SCV  
  102  6:29  SCV  
  102  6:31  Barracks  
  102  6:32  SCV  
  105  6:33  Barracks  
  105  6:34  Marine x2  
  107  6:40  SCV  
  107  6:42  Marine, Bunker x2  
  107  6:45  SCV  
  107  6:46  Marine  
  111  6:53  Siege Tank  
  109  7:00  Marine  
  109  7:01  Marine x2  
  100  7:05  Barracks  
  100  7:06  Barracks x2  
  100  7:11  Marine x2  
  100  7:14  Medivac x2  
  82  7:18  Marine  
  82  7:19  Marine x2  
  82  7:20  Barracks Reactor  
  82  7:21  Barracks Reactor  
  85  7:25  Terran Infantry Armor Level 2, Terran Infantry Weapons Level 2  
  85  7:28  Marine  
  85  7:29  Marine  
  87  7:30  Siege Tank  
  87  7:36  Marine x2  
  92  7:42  Supply Depot  
  92  7:43  Supply Depot  
  92  7:44  Marine  
  92  7:46  Marine x2  
  92  7:48  Medivac x2  
  99  7:54  Marine x2  
  99  7:55  Barracks Reactor x2  
  99  7:56  Barracks Reactor  
  99  7:58  Marine x3  
  101  8:02  Marine  
  101  8:03  Marine  
  101  8:04  Marine x2  
  108  8:10  Siege Tank  
  108  8:11  Marine  
  108  8:12  Marine  
  113  8:16  Marine x3  
  113  8:19  Marine, Supply Depot x2  
  116  8:21  Marine  
  116  8:22  Marine x2  
  116  8:24  Medivac  
  121  8:29  Marine  
  121  8:30  Marine  
  121  8:31  Marine x2  
  121  8:34  Marine  
  123  8:35  Marine  
  123  8:36  Marine x2  
  127  8:42  Siege Tank  
  127  8:43  Marine, Medivac  
  127  8:45  Marine x2  
  127  8:46  Marine x2  
  127  8:47  Marine  
  135  8:48  Marine  
  135  8:53  Marine  
  135  8:54  Marine x7  
  144  8:59  Medivac  
  144  9:01  Marine  
  144  9:06  Marine  
  144  9:07  Marine x5  
  140  9:11  Marine x4, Supply Depot  
  140  9:12  Marine x4, Supply Depot x2  
  148  9:19  Marine  
  148  9:24  Marine  
  151  9:25  Marine  
Show
View Real Time Build Order
Export as new Build Order

Reynor Zerg - Winner!

Build Orders: Hatch First 

Get SALT Encoding   

  12  0:00  Drone  
  13  0:12  Overlord  
  13  0:17  Drone  
  14  0:31  Drone x2  
  16  0:49  Hatchery  
  15  0:51  Drone  
  15  0:55  Drone  
  17  0:58  Drone  
  18  1:08  Extractor  
  17  1:14  Spawning Pool  
  17  1:18  Drone  
  17  1:21  Drone  
  18  1:27  Drone  
  19  1:38  Drone  
  20  1:58  Hatchery  
  20  2:00  Queen  
  21  2:03  Zergling x2  
  21  2:05  Zergling x2  
  23  2:09  Drone  
  24  2:17  Queen  
  26  2:23  Overlord  
  26  2:26  Drone  
  26  2:29  Drone  
  28  2:40  Metabolic Boost  
  28  2:45  Queen  
  28  2:47  Drone  
  28  2:49  Drone  
  31  2:53  Overlord  
  31  2:56  Drone  
  32  2:59  Drone  
  32  3:01  Drone  
  34  3:06  Drone  
  34  3:12  Queen  
  37  3:14  Drone  
  37  3:16  Drone  
  37  3:18  Drone  
  41  3:20  Zergling x2  
  41  3:23  Drone  
  42  3:27  Queen  
  42  3:32  Overlord  
  44  3:34  Drone  
  44  3:37  Drone  
  47  3:41  Zergling x4  
  47  3:43  Drone  
  49  3:48  Overlord  
  49  3:51  Overlord  
  49  3:54  Drone  
  50  3:56  Overlord  
  50  3:57  Drone x2  
  50  3:58  Drone  
  50  4:00  Drone  
  50  4:02  Drone  
  55  4:04  Drone x2  
  57  4:10  Drone x3  
  57  4:15  Drone  
  57  4:16  Baneling Nest  
  60  4:19  Queen  
  60  4:24  Lair  
  62  4:27  Drone x2  
  62  4:29  Drone x2  
  66  4:32  Zergling x2  
  66  4:33  Zergling x4  
  66  4:36  Overlord  
  66  4:38  Drone x2  
  71  4:40  Drone  
  71  4:42  Extractor x2, Drone  
  71  4:43  Drone  
  72  4:46  Drone  
  72  4:50  Overlord  
  73  4:54  Overlord  
  73  4:56  Drone x5  
  73  4:57  Drone  
  79  5:10  Hatchery  
  79  5:12  Zergling x14  
  85  5:15  Overlord  
  85  5:20  Evolution Chamber  
  84  5:21  Evolution Chamber  
  84  5:23  Centrifical Hooks  
  82  5:30  Zergling x14  
  82  5:31  Drone  
  82  5:32  Drone  
  82  5:34  Drone  
  87  5:37  Extractor, Drone  
  87  5:39  Zergling x2  
  87  5:40  Drone  
  89  5:43  Zergling x6  
  89  5:48  Zergling x2  
  93  5:51  Zergling x2  
  93  5:53  Zerg Ground Armor Level 1, Zerg Melee Weapons Level 1  
  93  5:55  Baneling x2  
  93  5:56  Baneling  
  94  5:58  Zergling x4  
  94  6:00  Zergling x2  
  94  6:02  Baneling x3  
  94  6:03  Zergling x2  
  97  6:07  Overlord  
  97  6:08  Zergling x10  
  97  6:10  Baneling x3  
  103  6:11  Zergling x4  
  103  6:17  Baneling x3  
  103  6:18  Overlord  
  104  6:20  Zergling x2  
  104  6:24  Baneling x2  
  104  6:25  Zergling x4  
  107  6:26  Queen  
  107  6:28  Zergling x8  
  107  6:30  Baneling x4  
  107  6:32  Zergling x2  
  114  6:34  Zergling x4  
  116  6:40  Zergling x12  
  116  6:43  Zergling x4  
  124  6:52  Zergling x2  
  124  6:53  Zergling x4  
  120  6:55  Zergling x4  
  120  6:56  Zergling x10  
  120  7:00  Drone  
  117  7:03  Drone  
  117  7:07  Zergling x10  
  117  7:11  Zergling x2  
  109  7:16  Hatchery  
  109  7:17  Drone x3  
  109  7:18  Baneling x3  
  109  7:20  Drone  
  112  7:23  Baneling x4  
  112  7:24  Drone  
  112  7:25  Drone x2  
  112  7:28  Drone x2  
  117  7:32  Baneling x3  
  117  7:34  Drone x2  
  117  7:35  Drone x3, Overlord  
  117  7:36  Drone  
  117  7:37  Drone x4  
  127  7:41  Drone x2, Spore Crawler  
  127  7:44  Spore Crawler  
  125  7:51  Drone x2  
  127  7:55  Baneling x5  
  127  7:56  Overlord  
  127  8:00  Drone x2  
  127  8:01  Drone, Infestation Pit  
  127  8:02  Drone  
  130  8:06  Zergling x10, Hatchery  
  130  8:11  Zergling x4  
  136  8:16  Overlord  
  135  8:21  Zergling x12  
  135  8:22  Drone x2  
  143  8:30  Zergling x14  
  143  8:32  Overlord  
  143  8:33  Zergling x4  
  150  8:34  Zergling x2  
  149  8:42  Zergling x12  
  149  8:47  Zergling x6  
  156  8:54  Drone  
  156  8:55  Drone x2  
  159  8:57  Zergling x2  
  159  8:58  Zergling x2  
  156  9:04  Zergling x10  
  156  9:07  Baneling x12  
  156  9:08  Baneling x5  
  156  9:09  Zergling x4  
  159  9:12  Drone x2  
  159  9:13  Hatchery  
  159  9:14  Zergling x2  
  161  9:17  Baneling x10  
  161  9:18  Zergling x6  
  161  9:22  Zergling x4  
  166  9:26  Hatchery  
Tags
 
Add a new tag
Caveats
  • Supply blocks, unpowered buildings, or Contaminate may cause inaccurate times.
  • Supply counts are checked every 10 seconds.